Construct Weapon Support Center
Selects Advanced Infantry Battlegroup
Selects Advanced Infantry Battlegroup
Selects Advanced Infantry Battlegroup
Selects Convert to Ranger Squad
M3 Armored Personnel Carrier
Construct Medical Station
Selects Frontline Medical Station
Selects Ranger Weapon Training
M4(105) Sherman Bulldozer
Selects Ammunition Storage
Selects M2A1 105mm Howitzer Emplacement
Improved M9 Bazooka Rockets
M18 Hellcat Tank Destroyer
Selects 155mm Rapid Artillery Barrage
155mm Rapid Artillery Barrage
M18 Hellcat Tank Destroyer
155mm Rapid Artillery Barrage
M18 Hellcat Tank Destroyer
155mm Rapid Artillery Barrage
M18 Hellcat Tank Destroyer
155mm Rapid Artillery Barrage
155mm Rapid Artillery Barrage